 Dungeon Crawl Stone Soup version 0.21-a0-404-g291f19a (webtiles) character file.

1493 sagitran the Slasher (level 8, 0/60 HPs)
             Began as a Demonspawn Gladiator on Oct 29, 2017.
             Slain by an orc priest
             ... wielding a +0 dagger of freezing
              (4 damage)
             ... on level 7 of the Dungeon.
             The game lasted 00:30:58 (6599 turns).

sagitran the Slasher (Demonspawn Gladiator)         Turns: 6599, Time: 00:30:59

Health: 0/60       AC:  7    Str: 17    XL:     8   Next: 51%
Magic:  8/8        EV: 20    Int: 10    God:
Gold:   311        SH:  0    Dex: 19    Spells: 7/7 levels left

rFire    + + .     SeeInvis .   y - +3 hand axe of the Reaper {drain, +Rage}
rCold    . . .     Gourm    .   (no shield)
rNeg     . . .     Faith    .   f - +3 leather armour
rPois    .         Spirit   .   c - +0 helmet
rElec    .         Reflect  .   (no cloak)
rCorr    .         Harm     .   (no gloves)
MR       .....                  (boots unavailable)
Stlth    +++.......             (no amulet)
HPRegen  0.20/turn              E - ring of protection from fire
MPRegen  0.11/turn              (no ring)

@: agile
A: talons 3, fire resistance 1, powered by pain 1, flame cloud immunity
a: Evoke Berserk Rage


You were on level 7 of the Dungeon.
You were not hungry.

You visited 2 branches of the dungeon, and saw 8 of its levels.

You collected 311 gold pieces.

Inventory:

Hand Weapons
 a - a +0 long sword
 u - a +0 great sword
 y - the +3 hand axe of the Reaper (weapon) {drain, +Rage}
   (You found it on level 5 of the Dungeon)

   A truly terrible weapon, it drains the life of those it strikes.
   It lets you go berserk.
Missiles
 z - a throwing net (quivered)
Armour
 b - a +0 leather armour
 c - a +0 helmet (worn)
 f - a +3 leather armour (worn)
Jewellery
 E - a ring of protection from fire (left hand)
Wands
 s - a wand of polymorph (12/24)
 t - a wand of iceblast (1/15)
 F - a wand of flame (19/48)
Scrolls
 d - a scroll of fear {unknown}
 e - 8 scrolls of remove curse
 h - 2 scrolls of blinking {unknown}
 j - 2 scrolls of amnesia {unknown}
 k - 2 scrolls of identify {unknown}
 l - a scroll of immolation {unknown}
 n - 2 scrolls of magic mapping {unknown}
 r - 4 scrolls of teleportation {unknown}
 v - 2 scrolls of fog {unknown}
 D - 2 scrolls of enchant armour {unknown}
 H - a scroll of random uselessness {unknown}
Potions
 i - 2 potions of curing
 m - a potion of brilliance {unknown}
 o - a potion of invisibility
 p - a potion of magic {unknown}
 q - a potion of haste {unknown}
 w - a potion of flight
 x - a potion of mutation {unknown}
 A - a potion of ambrosia {unknown}
 B - a potion of resistance {unknown}
Comestibles
 g - 2 meat rations
 C - 6 chunks of flesh
 G - a bread ration


   Skills:
 + Level 4.1 Fighting
 + Level 5.7 Long Blades
 + Level 4.0 Axes
 + Level 2.2 Throwing
 + Level 2.9 Armour
 + Level 5.0 Dodging
 + Level 2.1 Stealth
 + Level 1.0 Evocations


You had 7 spell levels left.
You didn't know any spells.

Dungeon Overview and Level Annotations

Branches:
Dungeon (7/15)             Temple (1/1) D:5

Altars:
Ashenzari
Cheibriados
Dithmenos
Fedhas
Gozag
Kikubaaqudgha
Makhleb
Nemelex Xobeh
Okawaru
Qazlal
Ru
Sif Muna
Trog
Uskayaw
Vehumet
Wu Jian
Xom
Yredelemnul
Zin
The Shining One

Annotations:
D:3 Nuz's ghost, amateur MiBe


Innate Abilities, Weirdness & Mutations

You have claws for feet.
Your flesh is heat resistant. (rF+)
You sometimes gain a little power by taking damage.
You are immune to clouds of flame.


Message History

Aiming: Iceblast (will waste charges)
Press: ? - help, Shift-Dir - straight line, p - orc warrior The mass of ice explodes!
The iceblast engulfs something.
The iceblast engulfs you!
* * * LOW HITPOINT WARNING * * *
You focus on the pain.
You feel agile all of a sudden.
The iceblast engulfs the orc wizard.
The orc wizard is almost dead.
The iceblast engulfs the orc warrior.
The orc warrior is lightly wounded.
Evoking this partially-identified wand wasted a few charges.
The orc warrior barely misses you.
The orc wizard looks satisfied for a moment.
Something hits you but does no damage.
You feel better. The orc wizard closely misses you.
The orc warrior hits you from afar with a halberd!
* * * LOW HITPOINT WARNING * * *
The orc wizard closely misses you. Something hits you.
You die...

.♣ #..#.......# ♣♣.♣♣
####.>.##.## ♣...♣♣
####...##.## ♣....♣
#......#.... #....#
#......#....
##....####......'....
#..........#..(.#....
#....##'##.######....
.##...@##...## #.###
.......o{.....# ###
.........o....#
..............#
..####..###..#### .
##..###.....#
#..........##
#....).....#
..'.......^..#


You could see an orc warrior and an orc wizard.

Vanquished Creatures
  Prince Ribbit (D:5)
  Eustachio (D:5)
  Duvessa (D:5)
  An orc warrior (D:6)
  An ice beast (D:5)
  An ogre (D:6)
  Blork the orc (D:4)
  Dowan (D:5)
  A scorpion (D:7)
  A centaur zombie (D:6)
  A bullfrog zombie (D:3)
  3 crimson imps (D:6)
  A hound (D:6)
  A jelly (D:5)
  An orc wizard (D:6)
  4 orc priests
  A centaur skeleton (D:7)
  Jessica (D:2)
  A worker ant (D:4)
  7 adders
  An ooze (D:2)
  An adder skeleton (D:4)
  2 worms
  3 dart slugs
  3 leopard geckos
  14 orcs
  5 ball pythons
  4 giant cockroaches
  4 goblins
  2 hobgoblins
  12 jackals
  9 kobolds
  A quokka (D:7)
  7 bats
  4 frilled lizards
  A jackal skeleton (D:4)
  5 rats
109 creatures vanquished.

Vanquished Creatures (others)
  An orc wizard (D:6)
1 creature vanquished.

Grand Total: 110 creatures vanquished

Notes
Turn   | Place    | Note
-------+----------+-------------------------------------------
     0 | D:1      | sagitran the Demonspawn Gladiator began the quest for the Orb.
     0 | D:1      | Reached XP level 1. HP: 16/16 MP: 1/1
   261 | D:1      | Gained mutation: Your flesh is heat resistant. (rF+) [demonic ancestry]
   261 | D:1      | Reached XP level 2. HP: 22/22 MP: 2/2
   845 | D:2      | Gained mutation: You have sharp toenails. [demonic ancestry]
   845 | D:2      | Reached XP level 3. HP: 27/27 MP: 3/3
   903 | D:2      | Noticed an ogre
  1176 | D:2      | Noticed Jessica
  1184 | D:2      | Killed Jessica
  1184 | D:2      | Gained mutation: You have razor-sharp toenails. [demonic ancestry]
  1184 | D:2      | Reached XP level 4. HP: 34/34 MP: 4/4
  1331 | D:2      | Reached skill level 1 in Stealth
  1731 | D:2      | Reached skill level 1 in Armour
  1908 | D:2      | Found an iron altar of Okawaru.
  2204 | D:3      | Noticed Nuz's ghost (amateur MiBe)
  2632 | D:3      | Gained mutation: You have claws for feet. [demonic ancestry]
  2632 | D:3      | Reached XP level 5. HP: 35/39 MP: 5/5
  2766 | D:3      | Found a snail-covered altar of Cheibriados.
  3278 | D:4      | Noticed Blork the orc
  3288 | D:4      | Killed Blork the orc
  3719 | D:4      | Gained mutation: You sometimes gain a little power by taking damage. [demonic ancestry]
  3719 | D:4      | Reached XP level 6. HP: 40/46 MP: 6/6
  3854 | D:5      | Entered Level 5 of the Dungeon
  3854 | D:5      | Noticed Eustachio
  3878 | D:5      | Killed Eustachio
  4074 | D:5      | Noticed an ice beast
  4078 | D:5      | Killed an ice beast
  4078 | D:5      | Reached skill level 5 in Long Blades
  4147 | D:5      | Got a bone hand axe
  4149 | D:5      | Identified the +3 hand axe of the Reaper {drain, +Rage} (You found it on level 5 of the Dungeon)
  4158 | D:5      | Reached XP level 7. HP: 47/52 MP: 7/7
  4160 | D:5      | Found a staircase to the Ecumenical Temple.
  4170 | Temple   | Entered the Ecumenical Temple
  4379 | D:5      | Noticed Prince Ribbit
  4396 | D:5      | Killed Prince Ribbit
  4594 | D:5      | Noticed Duvessa
  4594 | D:5      | Noticed Dowan
  4602 | D:5      | Killed Dowan
  4609 | D:5      | Killed Duvessa
  4609 | D:5      | Reached skill level 1 in Axes
  5130 | D:6      | Reached skill level 1 in Evocations
  5539 | D:6      | Gained mutation: You are immune to clouds of flame. [demonic ancestry]
  5539 | D:6      | Reached XP level 8. HP: 60/60 MP: 8/8
  6199 | D:6      | Reached skill level 5 in Dodging
  6599 | D:7      | Slain by an orc priest

Vault maps used:
D:1:      minmay_arrival_checkered_box
D:2:      kennysheep_okawaru_gauntlet, uniq_jessica
D:3:      cheibriados_altar_1
D:4:      serial_park_tiny_1, uniq_blork_the_orc
D:5:      minmay_temple_entry_purple_smoke, first_bread, uniq_prince_ribbit1,
          uniq_duvessa, uniq_eustachio
D:7:      uniq_crazy_yiuf_cottage
Temple:   regret_index_temple_mists

Skill      XL: |  1  2  3  4  5  6  7  8 |
---------------+-------------------------+-----
Long Blades    | 3 4 5 |  5.7
Dodging        | 3 4 5 |  5.0
Stealth        | 1 2 |  2.1
Armour         | 1 2 |  2.9
Fighting       | 3 4 |  4.1
Throwing       | 2 |  2.2
Axes           | 1 4 |  4.0
Evocations     | 1 |  1.0

Action                   |  1- 3 |  4- 6 |  7- 9 || total
-------------------------+-------+-------+-------++-------
Melee: Long sword        |    72 |    67 |       ||   139
       Kick              |     6 |    33 |    34 ||    73
       Great sword       |       |    41 |       ||    41
       Hand axe          |       |     2 |   116 ||   118
Throw: Throwing net      |       |     1 |     6 ||     7
 Abil: Evoke Berserk Rag |       |       |     1 ||     1
Evoke: Wand              |       |     2 |     1 ||     3
  Use: Potion            |     2 |     3 |     3 ||     8
       Scroll            |       |       |     1 ||     1
 Stab: Sleeping          |     2 |     1 |       ||     3
  Eat: Chunk             |     1 |     3 |     2 ||     6
       Bread ration      |       |     2 |     1 ||     3
Armor: Leather armour    |    35 |    51 |    29 ||   115
Dodge: Dodged            |    65 |   159 |   116 ||   340
       Rpst.: Long sword |    25 |    21 |       ||    46
       Great sword       |       |    24 |       ||    24

Table legend:
 A = Spawn XP
 B = Non-spawn XP
 C = Spawn XP percentage of total XP
 D = Spawn monster count
 E = Non-spawn monster count
 F = Spawn count percentage of total count
 G = Total turns spent on level
                    A         B        C        D         E        F      G
               +---------+---------+-------+---------+---------+-------+---------
         Total |       0 |    2133 |   0.0 |       0 |     110 |   0.0 |  6599
               +---------+---------+-------+---------+---------+-------+---------
           D:1 |       0 |      39 |   0.0 |       0 |      23 |   0.0 |   923
           D:2 |       0 |     115 |   0.0 |       0 |      21 |   0.0 |  1559
           D:3 |       0 |      89 |   0.0 |       0 |      15 |   0.0 |   754
           D:4 |       0 |     152 |   0.0 |       0 |      11 |   0.0 |   618
           D:5 |       0 |     879 |   0.0 |       0 |      16 |   0.0 |  1068
           D:6 |       0 |     699 |   0.0 |       0 |      17 |   0.0 |  1280
           D:7 |       0 |     160 |   0.0 |       0 |       7 |   0.0 |   211
               +---------+---------+-------+---------+---------+-------+---------
